 Dungeon Crawl Stone Soup version 0.26-a0-752-gcff87cac9a (webtiles) character file.

Game seed: 905587671799559576

95 Froggeryz the Ruffian (level 4, -12/38 HPs)
             Began as a Naga Transmuter on Nov 6, 2020.
             Killed from afar by Ijyb (17 damage)
             ... with a bolt of acid
             ... on level 3 of the Dungeon.
             The game lasted 00:03:00 (2886 turns).

Froggeryz the Ruffian (Naga Transmuter)             Turns: 2886, Time: 00:03:00

Health: -12/38     AC: -1    Str: 13    XL:     4   Next: 65%
Magic:  15/16      EV: 10    Int: 14    God:
Gold:   74         SH:  0    Dex: 17    Spells: 6/7 levels left

rFire    . . .     SeeInvis +     - Unarmed
rCold    . . .     Faith    .   (no shield)
rNeg     . . .     Spirit   .   a - +0 robe
rPois    +         Reflect  .   (no helmet)
rElec    .         Harm     .   (no cloak)
rCorr    .         Rampage  .   (no gloves)
MR       .....                  (no barding)
Stlth    ++........             (no amulet)
HPRegen  0.12/turn              g - ring of magical power
MPRegen  0.15/turn              f - +6 ring of dexterity

@: corroded, attractive, very slightly contaminated, very slow
A: large, see invisible, deformed body, poison resistance, slowness 2, spit
poison 1, AC +1
a: Spit Poison


You were on level 3 of the Dungeon.
You visited 1 branch of the dungeon, and saw 3 of its levels.

You collected 74 gold pieces.

Inventory:

Armour
 a - a +0 robe (worn)
 k - a +0 kite shield
Jewellery
 f - a +6 ring of dexterity (right hand)
 g - a ring of magical power (left hand)
Scrolls
 d - 2 scrolls of blinking {unknown}
 e - 2 scrolls of remove curse {unknown}
 j - a scroll of identify {unknown}
Potions
 b - a potion of lignification {unknown}
 c - a potion of attraction
 h - 2 potions of might {unknown}
 i - a potion of heal wounds {unknown}
 m - a potion of haste {unknown}


   Skills:
 - Level 1.0 Fighting
 - Level 1.5 Dodging
 * Level 5.2 Unarmed Combat
 - Level 2.0 Spellcasting
 + Level 2.1 Transmutations


You had 6 spell levels left.
You knew the following spells:

 Your Spells              Type           Power        Failure   Level
a - Beastly Appendage     Tmut           #.....       10%         1

Your spell library contained the following spells:

 Spells                   Type           Power        Failure   Level
 Wereblood                Tmut           #.......     16%         2
 Spider Form              Tmut/Pois      #.........   43%         3
 Ice Form                 Ice/Tmut       #.......     83%         4
 Blade Hands              Tmut           #.........   95%         5


Dungeon Overview and Level Annotations

Branches:
Dungeon (3/15)

Altars:
Gozag
Nemelex Xobeh
Ru

Annotations:
D:3 Ijyb


Innate Abilities, Weirdness & Mutations

You cannot wear boots.
Your serpentine skin is tough. (AC +1)
You have supernaturally acute eyesight. (SInv)
Armour fits poorly on your strangely shaped body.
Your system is resistant to poisons. (rPois)
You cover ground very slowly.
You can spit poison.


Message History

Press: ? - help, Shift-Dir - straight line, f/p - Ijyb
Aim: Ijyb, wielding a +1 dagger of venom, wearing a +0 ring mail and carrying a wand of acid (12) (lightly wounded)
You throw a throwing net. The throwing net closely misses Ijyb.
Ijyb zaps a wand.
The bolt of acid hits you!!
Ouch! That really hurt!
The acid corrodes you!
You are splashed with acid!
* * * LOW HITPOINT WARNING * * *
It was a potion of attraction.
You feel attractive to monsters.
Ijyb hits you with a +1 dagger of venom.
* * * LOW HITPOINT WARNING * * *
Throwing (i - inventory)
l - a throwing net (quivered)
Press: ? - help, Shift-Dir - straight line, f/p - Ijyb
Aim: Ijyb, wielding a +1 dagger of venom, wearing a +0 ring mail and carrying a wand of acid (11) (lightly wounded)
You throw a throwing net. The throwing net hits Ijyb.
Ijyb is caught in the net!
Ijyb is lightly wounded.
You have got your breath back.
Ijyb zaps a wand.
The bolt of acid hits you!
You die...

.. .# .###### ?..(...
.?..... ....!..
###g...... #
#.@......!.
.##.#######.##.......
.............+.......
...#.....###.#......
###
#.......#......#.....
#.....†##....# .... .
#............###.# ..
####+###<.†......#.##
#.....##.......#


You could see Ijyb (caught).

Vanquished Creatures
  3 adders (D:2)
  An ooze (D:1)
  A worm (D:2)
  2 dart slugs
  5 leopard geckos (D:1)
  A giant cockroach (D:1)
  5 hobgoblins
  8 jackals (D:2)
  A quokka (D:2)
  11 bats
  3 frilled lizards
  3 goblins
  4 kobolds
  3 rats
51 creatures vanquished.

Notes
Turn   | Place    | Note
-------+----------+-------------------------------------------
     0 | D:1      | Froggeryz the Naga Transmuter began the quest for the Orb.
     0 | D:1      | Reached XP level 1. HP: 18/18 MP: 3/3
   243 | D:1      | Reached XP level 2. HP: 13/25 MP: 5/5
   711 | D:1      | Reached skill level 4 in Unarmed Combat
   833 | D:1      | Reached XP level 3. HP: 26/31 MP: 6/6
  1258 | D:1      | You fall into a shaft and drop 1 floor!
  1559 | D:2      | Found an opulent altar of Gozag.
  1559 | D:2      | Found a sparkling altar of Nemelex Xobeh.
  1900 | D:2      | Found a sacrificial altar of Ru.
  1915 | D:2      | Reached XP level 4. HP: 22/38 MP: 7/7
  2196 | D:2      | Reached skill level 5 in Unarmed Combat
  2880 | D:3      | Noticed Ijyb
  2886 | D:3      | Killed from afar by Ijyb

Illustrated notes

Levels and vault maps discovered:
D:1:      lightli_arrival_statue_moat, layout_loops_ring, minmay_tromino_mix6
D:2:      layout_loops_cross, grunt_temple_overflow_opulence, old_standard_altar
D:3:      layout_basic, lemuel_zombie_altar_yredelemnul, lemuel_round_altar,
          minmay_misc_feat_square, minmay_goblin_kobold_house, uniq_ijyb,
          uniq_crazy_yiuf_cottage

Skill      XL: |  1  2  3  4 |
---------------+-------------+-----
Unarmed Combat | 4 5 |  5.2
Fighting       | |  1.0
Dodging        | |  1.5
Spellcasting   | |  2.0
Transmutations | |  2.1

Action                   |  1- 3 |  4- 6 || total
-------------------------+-------+-------++-------
Melee: Unarmed           |   122 |    48 ||   170
       Headbutt          |     4 |     1 ||     5
Throw: Throwing net      |       |     2 ||     2
 Cast: Beastly Appendage |     4 |       ||     4
 Abil: Spit Poison       |     7 |     4 ||    11
  Use: Potion            |       |     1 ||     1
 Stab: Sleeping          |     4 |     2 ||     6
Armor: Robe              |    33 |    16 ||    49
Dodge: Dodged            |    98 |    28 ||   126

Table legend: (Time is in decaauts)
 A = Elapsed time spent in this place.
 B = Non-inter-level travel time spent in this place.
 C = Inter-level travel time spent in this place.
 D = Time resting spent in this place.
 E = Time spent auto-exploring this place.
 F = Levels seen in this place.
 G = Mean time per level.
                   A        B        C        D        E       F      G
               +--------+--------+--------+--------+--------+-----+--------+
         Total |   3303 |   3219 |     84 |    863 |   1921 |   3 | 1101.0 |
       Dungeon |   3303 |   3219 |     84 |    863 |   1921 |   3 | 1101.0 |
               +--------+--------+--------+--------+--------+-----+--------+

Top non-repeatable levels by time:
     D:1: 1723 daAuts
     D:2: 1492 daAuts
     D:3: 87 daAuts
